 Dungeon Crawl Stone Soup version 0.30-a0-368-g86fb4627a9 (webtiles) character file.

Game seed: 14981574651128703864

89 oldriver the Vexing (level 4, -3/33 HPs)
             Began as a Formicid Hexslinger on Nov 19, 2022.
             Slain by Ijyb
             ... wielding a +6 club
              (7 damage)
             ... on level 3 of the Dungeon.
             The game lasted 00:03:01 (2977 turns).

oldriver the Vexing (Formicid Hexslinger)           Turns: 2977, Time: 00:03:02

Health: -3/33      AC:  3    Str: 15    XL:     4   Next: 84%
Magic:  6/7        EV: 17    Int: 14    God:
Gold:   192        SH:  0    Dex: 20    Spells: 6/7 levels left

rFire   . . .      SeeInvis +    a - +1 sling
rCold   . . .      Faith    .    (no shield)
rNeg    . . .      Spirit   .    c - +0 robe
rPois   .          Reflect  .    (helmet unavailable)
rElec   .          Harm     .    (no cloak)
rCorr   .          Rampage  .    (no gloves)
Will    .....                    q - +0 pair of boots
Stlth   ++........               (no amulet)
HPRegen 0.25/turn                u - +4 ring of evasion
MPRegen 0.10/turn                l - +6 ring of dexterity

@: no status effects
A: permanent stasis, dig shafts and tunnels, antennae 3, four strong arms
a: Dig, Shaft Self


You were on level 3 of the Dungeon.
You visited 1 branch of the dungeon, and saw 3 of its levels.

You collected 192 gold pieces.

Inventory:

Hand Weapons
 a - a +1 sling (weapon)
Armour
 c - a +0 robe (worn)
 q - a +0 pair of boots (worn)
Jewellery
 e - a ring of protection from cold
 l - a +6 ring of dexterity (right hand)
 u - a +4 ring of evasion (left hand)
Wands
 v - a wand of quicksilver (6)
Scrolls
 b - a scroll of poison
 d - 2 scrolls of identify {unknown}
 f - a scroll of enchant armour {unknown}
 i - a scroll of noise {unknown}
 j - a scroll of amnesia {unknown}
 k - 2 scrolls of teleportation {unknown}
 m - a scroll of magic mapping {unknown}
 r - a scroll of brand weapon {unknown}
 t - a scroll of vulnerability {unknown}
Potions
 g - a potion of degeneration {unknown}
 h - 2 potions of invisibility {unknown}
 n - a potion of curing {unknown}
 o - a potion of berserk rage {unknown}
 p - 3 potions of heal wounds {unknown}
 s - a potion of lignification {unknown}


   Skills:
 + Level 2.0 Fighting
 * Level 2.8 Ranged Weapons
 + Level 2.3 Dodging
 + Level 0.1 Stealth
 * Level 2.0 Spellcasting
 * Level 4.3 Hexes


You had 6 spell levels left.
You knew the following spells:

 Your Spells              Type           Power      Damage    Failure   Level
a - Slow                  Hex            52%        N/A       4%          1

Your spell library contained the following spells:

 Spells                   Type           Power      Damage    Failure   Level
 Apportation              Tloc           2%         N/A       24%         1
 Necrotise                Necr           4%         1d4       24%         1
 Summon Small Mammal      Summ           4%         N/A       24%         1
 Inner Flame              Hex/Fire       7%         N/A       28%         3
 Portal Projectile        Hex/Tloc       14%        N/A       28%         3
 Summon Guardian Golem    Hex/Summ       7%         N/A       28%         3
 Cause Fear               Hex            6%         N/A       38%         4
 Gell's Gravitas          Tloc           1%         N/A       56%         3
 Lesser Beckoning         Tloc           2%         N/A       56%         3
 Teleport Other           Tloc           1%         N/A       56%         3
 Conjure Ball Lightning   Conj/Air       0%         3x3d7     100%        6
 Dragon Form              Tmut           0%         N/A       100%        7
 Orb of Destruction       Conj           0%         9d5       100%        7
 Spellforged Servitor     Conj/Summ      0%         N/A       100%        7
 Discord                  Hex            6%         N/A       100%        8
 Disjunction              Tloc           0%         N/A       100%        8
 Dragon's Call            Summ           0%         N/A       100%        9


Dungeon Overview and Level Annotations

Branches:
Dungeon (3/15)

Altars:
Kikubaaqudgha
Nemelex Xobeh
Trog
Yredelemnul
The Shining One

Shops:
D:2 ?*   D:3 *

Annotations:
D:3 Ijyb


Innate Abilities, Weirdness & Mutations

You cannot be hasted, slowed, berserked, paralysed or teleported.
You can dig through walls and to a lower floor.
You have a pair of large antennae on your head. (SInv)
Your four strong arms can wield two-handed weapons with a shield.


Message History

You shoot a sling bullet. The sling bullet hits Ijyb.
Ijyb is lightly wounded.
Ijyb barely misses you. Ijyb hits you with a +6 club!
You are too injured to fight recklessly!
You are too injured to fight recklessly!
You are too injured to fight recklessly!
Casting: Slow (safe; 4% risk of failure)
Confirm with . or Enter, or press ? or * to list all spells.
Aiming: Slow (safe; 4% risk of failure)
Press: ? - help, Shift-Dir - straight line, f/p - Ijyb
Aim: Ijyb, wielding a +6 club, wearing a +0 leather armour and carrying a wand of paralysis (8) (lightly wounded, chance to affect: 55%) Ijyb resists with significant effort.
Ijyb completely misses you.
Unknown command.
You are too injured to fight recklessly!
Fire: a) +1 sling
Press: ? - help, Shift-Dir - straight line, f/p - Ijyb
Aim: Ijyb, wielding a +6 club, wearing a +0 leather armour and carrying a wand of paralysis (8) (lightly wounded, 56% to hit)
You shoot a sling bullet. The sling bullet closely misses Ijyb.
Ijyb hits you with a +6 club.
* * * LOW HITPOINT WARNING * * *
Fire: a) +1 sling
Press: ? - help, Shift-Dir - straight line, f/p - Ijyb
Aim: Ijyb, wielding a +6 club, wearing a +0 leather armour and carrying a wand of paralysis (8) (lightly wounded, 56% to hit)
You shoot a sling bullet. The sling bullet closely misses Ijyb.
Ijyb hits you with a +6 club.
* * * LOW HITPOINT WARNING * * *
Fire: a) +1 sling
Press: ? - help, Shift-Dir - straight line, f/p - Ijyb
Aim: Ijyb, wielding a +6 club, wearing a +0 leather armour and carrying a wand of paralysis (8) (lightly wounded, 56% to hit)
You shoot a sling bullet. The sling bullet closely misses Ijyb.
Ijyb hits you with a +6 club.
* * * LOW HITPOINT WARNING * * *
Ijyb zaps a wand.
You resist with some effort.
Aiming: Quicksilver Bolt
Press: ? - help, Shift-Dir - straight line, f/p - Ijyb
Aim: Ijyb, wielding a +6 club, wearing a +0 leather armour and carrying a wand of paralysis (7) (lightly wounded, 64% to hit)
The bolt of dispelling energy hits Ijyb!!
Ijyb is almost dead.
Ijyb hits you with a +6 club!
You die...

#.# #######.#
#.......# #.#####.#
#.#...#.# #.#.#.#.#
#.#.#.#.#
#.#.....##########
#.#.......@.......
###
#.#...#####g......
##..
#...>.......#######
##...
#####)#####...##....
#.._. #.# #.#..#....
#.... #.# #.##......
#.♣.#
#.#####........
#.... #............#
#.._. #..........#
#.##...


You could see Ijyb.

Vanquished Creatures
  3 adders
  A dart slug (D:2)
  An orc (D:3)
  7 endoplasms
  3 giant cockroaches
  6 hobgoblins
  6 kobolds
  A quokka (D:1)
  10 ball pythons
  3 bats
  4 frilled lizards
  7 goblins
  6 rats
58 creatures vanquished.

Vanquished Creatures (others)
  A plant (D:3)
1 creature vanquished.

Grand Total: 59 creatures vanquished

Notes
Turn   | Place    | Note
-------+----------+-------------------------------------------
     0 | D:1      | oldriver the Formicid Hexslinger began the quest for the
                  | Orb.
     0 | D:1      | Reached XP level 1. HP: 15/15 MP: 2/2
   288 | D:1      | Reached XP level 2. HP: 21/21 MP: 3/3
   859 | D:2      | Found Dukonkiq's Magic Scroll Shop.
   917 | D:2      | Found Loutak's Assorted Antiques.
   957 | D:2      | Reached XP level 3. HP: 26/26 MP: 5/5
  1110 | D:2      | Reached skill level 4 in Hexes
  1541 | D:2      | Reached XP level 4. HP: 16/33 MP: 4/6
  2421 | D:3      | Found a sparkling altar of Nemelex Xobeh.
  2425 | D:3      | Found a bloodstained altar of Trog.
  2428 | D:3      | Found an ancient bone altar of Kikubaaqudgha.
  2428 | D:3      | Found a glowing golden altar of the Shining One.
  2437 | D:3      | Found a basalt altar of Yredelemnul.
  2678 | D:3      | Found Juzxixaph's Assorted Antiques.
  2966 | D:3      | Noticed Ijyb
  2977 | D:3      | Slain by Ijyb

Illustrated notes

Levels and vault maps discovered:
D:1:      sevenhm_arrival_forest_fort_large_2, layout_basic, dk_noncrumbling_2
D:2:      minmay_alternating_diamond, layout_basic, serial_shops,
          shop_fountains, nicolae_shop_hallway_plus
D:3:      layout_basic, nicolae_overflow_hallway_of_the_gods, serial_shops,
          nicolae_shop_overgrown_old_shop, uniq_ijyb

Skill      XL: |  1  2  3  4 |
---------------+-------------+-----
Dodging        | 2 |  2.3
Hexes          | 4 |  4.3
Fighting       | 2 |  2.0
Spellcasting   | 2 |  2.0
Ranged Weapons | |  2.8
Stealth        | |  0.1

Action                   |  1- 3 |  4- 6 || total
-------------------------+-------+-------++-------
 Fire: Sling             |    83 |    95 ||   178
 Cast: Slow              |     5 |    24 ||    29
Evoke: Wand              |       |     1 ||     1
Armor: Robe              |     6 |    13 ||    19
Dodge: Dodged            |    24 |    48 ||    72

Table legend: (Time is in decaauts)
 A = Elapsed time spent in this place.
 B = Non-inter-level travel time spent in this place.
 C = Inter-level travel time spent in this place.
 D = Time resting spent in this place.
 E = Time spent auto-exploring this place.
 F = Levels seen in this place.
 G = Mean time per level.
                   A        B        C        D        E       F      G
               +--------+--------+--------+--------+--------+-----+--------+
         Total |   3025 |   2944 |     81 |    221 |   2283 |   3 | 1008.3 |
       Dungeon |   3025 |   2944 |     81 |    221 |   2283 |   3 | 1008.3 |
               +--------+--------+--------+--------+--------+-----+--------+

Top non-repeatable levels by time:
     D:2: 1432 daAuts
     D:1: 925 daAuts
     D:3: 666 daAuts
